 Dungeon Crawl Stone Soup version 0.29.1-12-g30fa7ad0bf (webtiles) character file.

Game seed: 15928436121424375102

1510 MisterFreud the Cruncher (level 9, -2/68 HPs)
             Began as a Formicid Gladiator on Dec 29, 2022.
             Slain by a cyclops (17 damage)
             ... on level 13 of the Dungeon.
             The game lasted 00:06:20 (8167 turns).

MisterFreud the Cruncher (Formicid Gladiator)       Turns: 8167, Time: 00:06:21

Health: -2/68      AC: 16    Str: 20    XL:     9   Next: 9%
Magic:  9/9        EV:  7    Int:  9    God:
Gold:   314        SH: 10    Dex: 17    Spells: 8/8 levels left

rFire   . . .      SeeInvis +   a - +0 quarterstaff (flame)
rCold   . . .      Faith    .   y - +0 kite shield
rNeg    + . .      Spirit   .   m - +1 chain mail
rPois   .          Reflect  .   (helmet unavailable)
rElec   .          Harm     .   (no cloak)
rCorr   .          Rampage  .   o - +0 pair of gloves
Will    .....                   (no boots)
Stlth   ..........              (no amulet)
HPRegen 0.21/turn               h - ring of positive energy
MPRegen 0.11/turn               r - +4 ring of protection

@: no status effects
A: permanent stasis, dig shafts and tunnels, antennae 3, four strong arms
a: Dig, Shaft Self


You were on level 13 of the Dungeon.
You visited 1 branch of the dungeon, and saw 11 of its levels.

You collected 314 gold pieces.

Inventory:

Hand Weapons
 a - a +0 quarterstaff of flaming (weapon)
Missiles
 c - 4 throwing nets (quivered)
 d - 7 javelins
 f - 10 poisoned darts
 g - 6 boomerangs
Armour
 b - a +0 leather armour
 l - a +0 pair of boots
 m - a +1 chain mail (worn)
 o - a +0 pair of gloves (worn)
 y - a +0 kite shield (worn)
Jewellery
 h - a ring of positive energy (left hand)
 r - a +4 ring of protection (right hand)
 x - a +6 ring of dexterity
Scrolls
 e - 3 scrolls of identify
 q - a scroll of amnesia
 z - 2 scrolls of enchant armour
Potions
 i - a potion of curing
 j - 2 potions of cancellation
 k - a potion of ambrosia
 p - a potion of brilliance
 s - a potion of heal wounds
 t - a potion of might
 u - 2 potions of flight
 v - a potion of lignification
 w - a potion of attraction


   Skills:
 - Level 5.0 Fighting
 + Level 8.0 Staves
 - Level 2.0 Throwing
 - Level 5.0 Armour
 - Level 2.6 Dodging
 * Level 5.7 Shields


You had 8 spell levels left.
You didn't know any spells.
Your spell library contained the following spells:

 Spells                   Type           Power      Damage    Failure   Level
 Slow                     Hex            0%         N/A       100%        1
 Scorch                   Fire           0%         2d5       100%        2
 Confusing Touch          Hex            0%         N/A       100%        3
 Inner Flame              Hex/Fire       0%         N/A       100%        3
 Vampiric Draining        Necr           0%         2d6       100%        3
 Cause Fear               Hex            0%         N/A       100%        4
 Flame Wave               Conj/Fire      0%         2d4       100%        4
 Summon Forest            Summ/Tloc      0%         N/A       100%        5
 Summon Mana Viper        Hex/Summ       0%         N/A       100%        5
 Summon Cactus Giant      Summ           0%         N/A       100%        6
 Discord                  Hex            0%         N/A       100%        8


Dungeon Overview and Level Annotations

Branches:
Dungeon (14/15)            Temple (0/1) D:7
   Lair: D:8-11         Orc: D:9-12      Vaults: D:13-14

Altars:
Cheibriados
Okawaru
Trog
Uskayaw
Wu Jian
Xom
Zin

Shops:
D:6 (

Annotations:
D:3 1 runed translucent door, diceflayer's ghost, amateur DsHu
D:7 Dowan; Duvessa; Joseph


Innate Abilities, Weirdness & Mutations

You cannot be hasted, slowed, berserked, paralysed or teleported.
You can dig through walls and to a lower floor.
You have a pair of large antennae on your head. (SInv)
Your four strong arms can wield two-handed weapons with a shield.


Message History

The shaft crumbles and collapses.
Found a stone staircase leading up.
Unknown command.
You start resting.
HP restored.
There is a stone staircase leading up here.
You climb upwards.
There is a stone staircase leading down here.
Found a dyed leather armour.
You see here a +0 leather armour of poison resistance.
You see here a +0 leather armour of poison resistance.
A cyclops comes into view.
The cyclops shouts!
The cyclops hits you!!
You hit the cyclops but do no damage. You hit the cyclops but do no damage.
The cyclops hits you!
You hit the cyclops. You burn the cyclops.
The cyclops is lightly wounded.
The cyclops hits you.
You barely miss the cyclops.
The cyclops is lightly wounded.
The cyclops hits you!
You hit the cyclops but do no damage.
The cyclops is lightly wounded.
You thump the cyclops! You burn the cyclops.
The cyclops is moderately wounded.
You block the cyclops's attack.
You sock the cyclops! You burn the cyclops.
The cyclops is heavily wounded.
The cyclops hits you!
* * * LOW HITPOINT WARNING * * *
You hit the cyclops. You burn the cyclops.
The cyclops is severely wounded.
You barely miss the cyclops.
The cyclops is severely wounded.
The cyclops barely misses you.
You sock the cyclops! You burn the cyclops.
The cyclops is almost dead.
The cyclops hits you!
You die...

##############.
..........@C......
...........#######
.~.#.......#
.~~........#
~~~........#
≈~.........#
~~.........####
.###.....[.#
#.#.###.#


You could see a cyclops.

Vanquished Creatures
  An ice beast (D:6)
  A centaur (D:5)
  A phantom (D:6)
  A kobold brigand (D:6)
  2 bullfrogs (D:7)
  A gnoll sergeant (D:6)
  4 scorpions
  2 howler monkeys (D:9)
  2 orc priests
  5 hounds
  4 iguanas
  Jessica (D:3)
  2 orc wizards
  9 adders
  14 gnolls
  A shadow imp (D:6)
  A white imp (D:6)
  An ufetubus (D:5)
  3 worms
  2 dart slugs
  5 orcs
  5 ball pythons
  6 endoplasms
  2 giant cockroaches
  5 goblins
  4 hobgoblins
  5 jackals
  3 bats
  5 frilled lizards
  11 kobolds
  2 rats
111 creatures vanquished.

Notes
Turn   | Place    | Note
-------+----------+-------------------------------------------
     0 | D:1      | MisterFreud the Formicid Gladiator began the quest for the
                  | Orb.
     0 | D:1      | Reached XP level 1. HP: 16/16 MP: 1/1
   260 | D:1      | Reached XP level 2. HP: 17/22 MP: 2/2
   631 | D:1      | Found a faded altar of an unknown god.
   876 | D:2      | Reached skill level 4 in Staves
   876 | D:2      | Reached XP level 3. HP: 18/27 MP: 3/3
  1268 | D:2      | Reached XP level 4. HP: 14/33 MP: 4/4
  1270 | D:2      | You fall into a shaft and drop 2 floors!
  1580 | D:3      | Reached skill level 5 in Staves
  1890 | D:2      | Reached skill level 1 in Armour
  1890 | D:2      | Reached XP level 5. HP: 38/38 MP: 5/5
  2590 | D:3      | Noticed Jessica
  2597 | D:3      | Killed Jessica
  3178 | D:3      | Reached XP level 6. HP: 44/44 MP: 6/6
  3665 | D:3      | Found a runed translucent door.
  3670 | D:3      | Noticed diceflayer's ghost (amateur DsHu)
  3889 | D:3      | Found an iron altar of Okawaru.
  4066 | D:4      | Reached skill level 6 in Staves
  4191 | D:4      | Reached XP level 7. HP: 36/50 MP: 7/7
  4833 | D:5      | Entered Level 5 of the Dungeon
  4861 | D:5      | Reached skill level 5 in Armour
  5811 | D:5      | Found an ornate altar of the Wu Jian Council.
  5812 | D:5      | Found a hide-covered altar of Uskayaw.
  5814 | D:5      | Found a glowing silver altar of Zin.
  5814 | D:5      | Found a snail-covered altar of Cheibriados.
  5829 | D:5      | Reached skill level 5 in Fighting
  5829 | D:5      | Reached XP level 8. HP: 58/62 MP: 8/8
  6051 | D:5      | Found a bloodstained altar of Trog.
  6051 | D:5      | Found a shimmering altar of Xom.
  6237 | D:6      | Reached skill level 7 in Staves
  6701 | D:6      | Found Boexaalo's Antique Weapon Shoppe.
  7208 | D:7      | Noticed Duvessa
  7208 | D:7      | Noticed Dowan
  7222 | D:7      | Found a staircase to the Ecumenical Temple.
  7260 | D:7      | Noticed Joseph
  7279 | D:7      | You fall into a shaft and drop 2 floors!
  7588 | D:9      | Reached skill level 5 in Shields
  7588 | D:9      | Reached XP level 9. HP: 41/68 MP: 9/9
  7603 | D:9      | You fall into a shaft and drop 2 floors!
  7823 | D:11     | Reached skill level 8 in Staves
  7831 | D:11     | You fall into a shaft and drop 3 floors!
  8156 | D:13     | Noticed a cyclops
  8167 | D:13     | Slain by a cyclops

Illustrated notes

Levels and vault maps discovered:
D:1:      minmay_arrival_four_loops, layout_basic, basic_ecumenical_altar
D:2:      layout_basic
D:3:      layout_loops_corners, mainiacjoe_overflow_brackets,
          ebering_ghost_reflecting_pool, uniq_jessica
D:4:      layout_loops_ring, minmay_diced_spiral
D:5:      layout_rooms, nicolae_overflow_two_pavilions,
          grunt_temple_overflow_open
D:6:      layout_loops_ring, serial_shops, nicolae_diamond_shop
D:7:      layout_rooms, minmay_temple_entry_glass, uniq_duvessa,
          uniq_crazy_yiuf_cottage, uniq_joseph
D:9:      layout_rooms, minitemple
D:11:     layout_stronghold, orc_0_dummy, serial_shops, shop, minivault_14,
          nrook_mini_backslash, hangedman_decor_opposing, grunt_ministairs_15
D:13:     layout_basic, david_vaults_4, serial_ice, serial_ice_k, serial_ice_a,
          serial_ice_c, serial_ice_b, serial_ice_f, serial_ice_m, serial_ice_d,
          serial_ice_e
D:14:     layout_roguey, nicolae_dithmenos_shadow_blocks,
          trog_three_pillars_becter, uniq_frances

Skill      XL: |  1  2  3  4  5  6  7  8  9 |
---------------+----------------------------+-----
Staves         | 4 5 6 7 8 |  8.0
Armour         | 1 2 4 5 |  5.0
Fighting       | 5 |  5.0
Shields        | 5 |  5.7
Throwing       | |  2.0
Dodging        | |  2.6

Action                   |  1- 3 |  4- 6 |  7- 9 || total
-------------------------+-------+-------+-------++-------
Melee: Quarterstaff      |    54 |   150 |   248 ||   452
       Punch             |     1 |       |     2 ||     3
       Unarmed           |       |       |    17 ||    17
 Abil: Shaft Self        |       |     1 |     3 ||     4
  Use: Scroll            |       |     7 |    11 ||    18
Armor: Leather armour    |    18 |       |       ||    18
       Chain mail        |       |    91 |   168 ||   259
       Skin              |       |       |     7 ||     7
Dodge: Dodged            |    28 |    80 |   155 ||   263
Block: Kite shield       |       |       |    59 ||    59
